 Dungeon Crawl Stone Soup version 0.17.0-28-g6e173f8 (webtiles) character file.

96 Archteshnor the Magician (level 4, -1/24 HPs)
             Began as a Deep Elf Enchanter on Nov 24, 2015.
             Slain by a gnoll
             ... wielding a +0 whip
              (5 damage)
             ... on level 2 of the Dungeon.
             The game lasted 00:10:05 (1774 turns).

Archteshnor the Magician (Deep Elf Enchanter)       Turns: 1774, Time: 00:10:05

Health: -1/24      AC:  3    Str:  5    XL:     4   Next: 41%
Magic:  1/13       EV: 13    Int: 21    God:
Gold:   49         SH:  0    Dex: 15    Spells: 2 memorised, 10 levels left

rFire  . . .     SeeInvis .     e - +0 short sword (venom)
rCold  . . .     Clarity  .     b - +1 robe
rNeg   . . .     SustAt   .     (no shield)
rPois  .         Gourm    .     (no helmet)
rElec  .         Spirit   .     (no cloak)
rCorr  +         Warding  .     (no gloves)
rMut   .         Stasis   .     (no boots)
MR     .....                    n - amulet of resist corrosion
Stlth  ++........               (no ring)
                                (no ring)

@: not resistant to hostile enchantments, unstealthy
A: talons 1, blurry vision 1, regeneration 1
a: no special abilities


You were on level 2 of the Dungeon.
You were not hungry.

You visited 1 branch of the dungeon, and saw 2 of its levels.

You collected 49 gold pieces.

Inventory:

Hand Weapons
 a - a +1 dagger
 e - a +0 short sword of venom (weapon)
Missiles
 h - 60 stones (quivered)
Armour
 b - a +1 robe (worn)
Jewellery
 n - an amulet of resist corrosion (around neck)
Scrolls
 g - 2 scrolls of random uselessness {unknown}
 i - a scroll of teleportation {unknown}
 j - 2 scrolls of remove curse {unknown}
 k - 2 scrolls of enchant armour {unknown}
 l - a scroll of amnesia {unknown}
 m - a scroll of enchant weapon {unknown}
 o - a scroll of identify {unknown}
 p - a scroll of immolation {unknown}
Potions
 f - a potion of lignification {unknown}
Books
 c - a book of Maledictions

   Spells                             Type                      Level
   a - Corona                         Hexes                        1
   b - Ensorcelled Hibernation        Hexes/Ice                    2
   c - Confuse                        Hexes                        3
   d - Tukima's Dance                 Hexes                        3
   e - Dazzling Spray                 Conjuration/Hexes            3
Comestibles
 d - 3 bread rations


   Skills:
 - Level 2.0 Short Blades
 - Level 2.4 Dodging
 - Level 3.6 Stealth
 + Level 5.1 Spellcasting
 - Level 4.0 Hexes
 - Level 2.0 Ice Magic


You had 10 spell levels left.
You knew the following spells:

 Your Spells              Type           Power        Failure   Level  Hunger
a - Corona                Hex            ###....      1%          1    None
b - Ensorcelled Hibernat  Hex/Ice        ###...       6%          2    None


Dungeon Overview and Level Annotations

Branches:
Dungeon (2/15)

Altars:
Vehumet

Annotations:
D:2 Sigmund


Innate Abilities, Weirdness & Mutations

You have sharp toenails.
Scrolls take you a little longer to read.
Your natural rate of healing is unusually fast.


Message History

Confirm with . or Enter, or press ? or * to list all spells.
Aiming: Ensorcelled Hibernation
Press: ? - help, Shift-Dir - straight line, f/p - gnoll
Aim: a gnoll, wielding a whip (chance to defeat MR: 57%)
The gnoll is unaffected.
The gnoll closely misses you.
You hit the gnoll but do no damage.
The gnoll is poisoned.
Your kick misses the gnoll. The gnoll misses you.
Read which item? (? for menu, Esc to quit)
Really read with blurry vision while enemies are nearby? [Y]es or [N]o only, please.
Really read with blurry vision while enemies are nearby?
Okay, then.
Read which item? (? for menu, Esc to quit)
Really read with blurry vision while enemies are nearby?
Okay, then.
The adder bites you.
* * * LOW HITPOINT WARNING * * *
You closely miss the adder. The adder misses you.
The gnoll hits you with a whip.
You die...

##.##...#...#........####........
...............gg.####..+........
####.#.###.#.####.# #.##........
#.#.# #.#.# #.## #.##........
#g#.. #.# #g.# #.##........
#g#### #.# ##g# #.# .@..... #.#
#)# #.# #†##########
#.##.#######.#####.###.##........
...............g@S...............
...#.#######.######.##.##........
..<#.# #.# #..#.##........ .. #.#
#'# ##.#.##........ .. ..# ...
...##........ # ... ...
...##.....### .... ....
...##.....#≈≈ ... ...
...########≈≈ ...########≈≈


You could see a gnoll and an adder.

Vanquished Creatures
  Natasha (twice) (D:2)
  A gnoll (D:2)
  An ooze (D:1)
  3 worms (D:2)
  2 goblins (D:1)
  6 hobgoblins
  6 jackals
  A kobold (D:2)
  A quokka (D:2)
  7 bats
  2 giant cockroaches (D:1)
  A giant gecko (D:1)
  4 giant newts
  5 rats
42 creatures vanquished.

Notes
Turn   | Place    | Note
--------------------------------------------------------------
     0 | D:1      | Archteshnor the Deep Elf Enchanter began the quest for the Orb.
     0 | D:1      | Reached XP level 1. HP: 10/10 MP: 6/6
   277 | D:1      | Reached XP level 2. HP: 15/15 MP: 8/8
   281 | D:1      | Learned a level 2 spell: Ensorcelled Hibernation
   360 | D:1      | Reached skill level 1 in Ice Magic
   786 | D:2      | Noticed Natasha
   790 | D:2      | Killed Natasha
   790 | D:2      | Reached XP level 3. HP: 10/19 MP: 4/10
  1078 | D:2      | Noticed Natasha
  1093 | D:2      | Killed Natasha
  1208 | D:2      | Gained mutation: Your natural rate of healing is unusually fast. [potion of mutation]
  1208 | D:2      | Gained mutation: Scrolls take you a little longer to read. [potion of mutation]
  1208 | D:2      | Gained mutation: You have sharp toenails. [potion of mutation]
  1254 | D:2      | Reached XP level 4. HP: 16/24 MP: 8/12
  1558 | D:2      | Noticed Sigmund
  1675 | D:2      | Found a radiant altar of Vehumet.
  1761 | D:2      | Reached skill level 5 in Spellcasting
  1774 | D:2      | Slain by a gnoll

Action                   |  1- 3 |  4- 6 || total
-------------------------+-------+-------++-------
Melee: Dagger            |    82 |       ||    82
       Short sword       |     4 |    29 ||    33
Throw: Stone             |     9 |     2 ||    11
 Cast: Corona            |     9 |     4 ||    13
       Ensorcelled Hiber |     9 |     8 ||    17
  Use: Potion            |     3 |       ||     3
 Stab: Sleeping          |    10 |     2 ||    12
       Distracted        |     1 |     1 ||     2
  Eat: Chunk             |     1 |     2 ||     3
